 Dungeon Crawl Stone Soup version 0.30-a0-1161-g0704695555 (webtiles) character file.

Game seed: 2388986889685371361

683 olmar the Cudgeller (level 7, -2/44 HPs)
             Began as a Gargoyle Fighter on Apr 27, 2023.
             Was an Initiate of Gozag.
             Slain by Edmund
             ... wielding a +4 dire flail of protection
              (4 damage)
             ... on level 6 of the Dungeon.
             The game lasted 00:04:41 (4114 turns).

olmar the Cudgeller (Gargoyle Fighter)              Turns: 4114, Time: 00:04:42

Health: -2/44      AC: 12    Str: 21    XL:     7   Next: 61%
Magic:  0/7        EV: 10    Int:  9    God:    Gozag
Gold:   679        SH:  4    Dex:  9    Spells: 6/6 levels left

rFire   . . .        a - +0 flail
rCold   . . .        c - +0 buckler
rNeg    + . .        b - +0 scale mail
rPois   ∞            (no helmet)
rElec   +            (no cloak)
rCorr   .            (no gloves)
SInv    +            (no boots)
Will    .....        v - amulet of guardian spirit Stlth
                     u - ring of see invisible
HPRegen 0.27/turn    (no ring)
MPRegen 0.10/turn

%: guardian spirit
@: mighty
A: sickness immunity, AC +4, negative energy resistance 1, electricity
resistance, torment resistance 1, petrification resistance
a: Renounce Religion, Potion Petition, Call Merchant, Bribe Branch


You were on level 6 of the Dungeon.
You worshipped Gozag.
Gozag was pleased with you.
You visited 1 branch of the dungeon, and saw 6 of its levels.

You collected 707 gold pieces.
You paid 28 gold pieces to Gozag.

Inventory:

Hand Weapons
 a - a +0 flail (weapon)
Armour
 b - a +0 scale mail (worn)
 c - a +0 buckler (worn)
Jewellery
 h - a ring of wizardry
 u - a ring of see invisible (left hand)
 v - an amulet of guardian spirit (around neck)
Wands
 m - a wand of charming (12)
Scrolls
 f - 6 scrolls of identify {unknown}
 g - a scroll of magic mapping {unknown}
 i - 3 scrolls of teleportation {unknown}
 k - 3 scrolls of blinking {unknown}
 l - a scroll of enchant armour {unknown}
 o - a scroll of enchant weapon {unknown}
 p - a scroll of fear {unknown}
 r - a scroll of torment {unknown}
 w - 2 scrolls of amnesia {unknown}
 x - a scroll of brand weapon {unknown}
Potions
 e - a potion of curing
 j - 2 potions of lignification {unknown}
 n - 2 potions of ambrosia {unknown}
 q - a potion of heal wounds {unknown}
 s - a potion of flight {unknown}
 t - 3 potions of degeneration {unknown}


   Skills:
 + Level 4.3 Fighting
 + Level 5.8 Maces & Flails
 + Level 5.1 Armour
 + Level 1.8 Dodging
 + Level 1.2 Stealth
 + Level 4.2 Shields


You had 6 spell levels left.
You didn't know any spells.
Your spell library contained the following spells:

 Spells                   Type           Power      Damage    Failure   Level
 Sandblast                Erth           0%         2d4       78%         1
 Passwall                 Tmut/Erth      0%         N/A       89%         2
 Stone Arrow              Conj/Erth      0%         3d7       98%         3


Dungeon Overview and Level Annotations

Branches:
Dungeon (6/15)             Temple (0/1) D:5

Altars:
Gozag
Uskayaw
Vehumet

Annotations:
D:6 Edmund


Innate Abilities, Weirdness & Mutations

You are immune to sickness and miasma.
Your stone body is resilient. (AC +4)
You are immune to poison.
You resist negative energy. (rN+)
You are resistant to electric shocks. (rElec)
You are resistant to unholy torment.
You are immune to petrification.


Message History

Edmund is moderately wounded.
Edmund closely misses you.
You barely miss Edmund.
Edmund is moderately wounded.
You block Edmund's attack.
Edmund hits you with a +4 dire flail of protection!
You hit Edmund.
Edmund is moderately wounded.
Edmund closely misses you.
Edmund says, "I'm quite good with sums, too."
You block Edmund's attack.
You hit Edmund but do no damage.
Edmund is moderately wounded.
You block Edmund's attack.
Edmund hits you with a +4 dire flail of protection!
You sock Edmund!
Edmund is heavily wounded.
Edmund hits you with a +4 dire flail of protection.
You closely miss Edmund.
Edmund is heavily wounded.
You block Edmund's attack.
Edmund says, "People accused me of being a cutpurse!"
Edmund closely misses you.
You hit Edmund.
Edmund is severely wounded.
Edmund closely misses you.
Edmund hits you with a +4 dire flail of protection.
You are too injured to fight recklessly!
You are too injured to fight recklessly!
You are too injured to fight recklessly!
You feel very mighty all of a sudden.
Edmund hits you with a +4 dire flail of protection!
* * * LOW HITPOINT WARNING * * *
You closely miss Edmund.
Edmund is severely wounded.
Edmund hits you with a +4 dire flail of protection!
* * * LOW HITPOINT WARNING * * *
Edmund hits you with a +4 dire flail of protection.
You die...
Your body crumbles into a pile of gold.

### ..
#########.#
..........#
..........
.........#
.......@.+
.......@.#
.........#
.........#
.........#
.........#
.........#
.........#
.........#
.........####


You could see Edmund (fast).

Vanquished Creatures
  2 ice beasts (D:5)
  A scorpion (D:5)
  A howler monkey (D:4)
  2 jellies
  An orc priest (D:5)
  A sleepcap (D:4)
  3 orc wizards
  4 gnolls
  5 adders
  An ufetubus (D:4)
  A worm (D:2)
  5 dart slugs
  10 orcs
  12 ball pythons
  9 endoplasms
  7 giant cockroaches
  4 hobgoblins
  7 jackals (D:2)
  3 kobolds
  4 quokkas
  8 bats
  4 frilled lizards (D:1)
  7 goblins
  4 rats (D:1)
106 creatures vanquished.

Vanquished Creatures (others)
  8 plants
8 creatures vanquished.

Grand Total: 114 creatures vanquished

Notes
Turn   | Place    | Note
-------+----------+-------------------------------------------
     0 | D:1      | olmar the Gargoyle Fighter began the quest for the Orb.
     0 | D:1      | Reached XP level 1. HP: 14/14 MP: 1/1
    49 | D:1      | Reached XP level 2. HP: 13/19 MP: 2/2
    75 | D:1      | Found a faded altar of an unknown god.
   266 | D:1      | Reached XP level 3. HP: 10/23 MP: 3/3
  1033 | D:2      | Reached XP level 4. HP: 23/28 MP: 4/4
  1076 | D:2      | Found an opulent altar of Gozag.
  1487 | D:2      | Reached XP level 5. HP: 32/32 MP: 5/5
  1599 | D:2      | Became a worshipper of Gozag Ym Sagoz the Greedy
  2388 | D:4      | Reached XP level 6. HP: 16/38 MP: 6/6
  2493 | D:4      | Reached skill level 1 in Dodging
  2981 | D:4      | Found a hide-covered altar of Uskayaw.
  3229 | D:5      | Entered Level 5 of the Dungeon
  3383 | D:5      | Noticed an ice beast
  3397 | D:5      | Killed an ice beast
  3398 | D:5      | Reached skill level 5 in Maces & Flails
  3398 | D:5      | Reached XP level 7. HP: 43/43 MP: 7/7
  3475 | D:5      | Found a radiant altar of Vehumet.
  3583 | D:5      | Reached skill level 5 in Armour
  3583 | D:5      | Reached skill level 1 in Stealth
  3930 | D:5      | Found a staircase to the Ecumenical Temple.
  4101 | D:6      | Noticed Edmund
  4114 | D:6      | HP: 2/44 [Edmund/+4 dire flail of protection (11)]
  4114 | D:6      | Slain by Edmund

Illustrated notes

Levels and vault maps discovered:
D:1:      scummos_arrival_checkerplants, layout_basic,
          nicolae_ecumenical_snake_handling
D:2:      layout_basic, basic_altar
D:3:      cheibrodos_old_hovel, layout_rooms
D:4:      layout_basic, marbit_many_paths, chequers_serial_rivers_micro_d,
          serial_park_tiny_1
D:5:      layout_loops_cross, amcnicky_altar_gilded,
          minmay_temple_entry_glassed_door
D:6:      layout_basic, kennysheep_mini_moat, serial_bayou_pond_a,
          ebering_dispersal_statue_hall, nicolae_kite_square_tiling_tiny,
          chequers_jeans, minmay_divided_ellipse, uniq_prince_ribbit1,
          uniq_edmund

Skill      XL: |  1  2  3  4  5  6  7 |
---------------+----------------------+-----
Maces & Flails | 3 4 5 |  5.8
Armour         | 4 5 |  5.1
Fighting       | 4 |  4.3
Dodging        | 1 |  1.8
Shields        | 4 |  4.2
Stealth        | 1 |  1.2

Action                     |  1- 3 |  4- 6 |  7- 9 || total
---------------------------+-------+-------+-------++-------
  Melee: Flail             |   122 |   294 |    42 ||   458
    Use: Potion            |       |     1 |     1 ||     2
   Stab: Distracted        |       |     1 |       ||     1
 Armour: Scale mail        |   100 |   164 |    15 ||   279
  Dodge: Dodged            |    97 |   141 |    16 ||   254
  Block: Buckler           |    34 |    68 |     7 ||   109

Table legend: (Time is in decaauts)
 A = Elapsed time spent in this place.
 B = Non-inter-level travel time spent in this place.
 C = Inter-level travel time spent in this place.
 D = Time resting spent in this place.
 E = Time spent auto-exploring this place.
 F = Levels seen in this place.
 G = Mean time per level.
                   A        B        C        D        E       F      G
               +--------+--------+--------+--------+--------+-----+--------+
         Total |   4221 |   4085 |    136 |    180 |   2913 |   6 |  703.5 |
       Dungeon |   4221 |   4085 |    136 |    180 |   2913 |   6 |  703.5 |
               +--------+--------+--------+--------+--------+-----+--------+

Top non-repeatable levels by time:
     D:1: 894 daAuts
     D:2: 848 daAuts
     D:4: 835 daAuts
     D:5: 795 daAuts
     D:3: 744 daAuts
     D:6: 103 daAuts
